2887 views
Uploaded 2020-03-07 15:38:23
Game version 1.32.2
16:09 long 3on3 ladder game on (6)Monsoon_LV
Saved by BEARAND
2887 views
Uploaded 2020-03-07 15:38:23
Game version 1.32.2
16:09 long 3on3 ladder game on (6)Monsoon_LV


51 units @ 4.8k
/ 0.2k
116 buildings @ 7.7k
/ 3.5k



| Potion of Healing | 1 | 150 |
| Scroll of Regeneration | 1 | 100 |
| Staff of Sanctuary | 1 | 250 |
| Boots of Speed | 3 | 750 |
| Potion of Invisibility | 1 | 100 |
| Staff of Teleportation | 1 | 150 |
| Circlet of Nobility | 1 | 175 |
| total: | 9 | 1675g |
| Peasant | 15 | 1125 | / | 0 |
| Priest | 2 | 270 | / | 20 |
| total: | 17 | 1395g | / | 20w |
| Scout Tower | 48 | 1440 | / | 960 |
| Arcane Tower | 6 | 420 | / | 300 |
| Guard Tower | 18 | 1260 | / | 900 |
| Altar of Kings | 1 | 180 | / | 50 |
| Farm | 3 | 240 | / | 60 |
| Lumber Mill | 1 | 120 | / | 0 |
| Arcane Vault | 3 | 390 | / | 90 |
| Town Hall | 1 | 385 | / | 205 |
| Arcane Sanctum | 1 | 150 | / | 140 |
| Keep | 1 | 320 | / | 210 |
| Castle | 1 | 360 | / | 210 |
| total: | 58 | 2905g | / | 1505w |
| 0:03 | Peasant |
| 0:03 | Peasant |
| 0:19 | Altar of Kings |
| 0:23 | Peasant |
| 0:42 | Farm |
| 0:44 | Lumber Mill |
| 0:45 | Peasant |
| 0:54 | Peasant |
| 0:57 | Farm |
| 1:11 | Peasant |
| 1:28 | Scout Tower |
| 1:28 | Peasant |
| 1:38 | Peasant |
| 1:47 | Peasant |
| 1:51 | Scout Tower |
| 1:56 | Scout Tower |
| 1:57 | Scout Tower |
| 2:00 | Peasant |
| 2:02 | Improved Masonry |
| 2:04 | Arcane Tower |
| 2:07 | Peasant |
| 2:17 | Blizzard |
| 2:19 | Guard Tower |
| 2:20 | Scout Tower |
| 2:24 | Arcane Tower |
| 2:26 | Scout Tower |
| 2:31 | Peasant |
| 2:42 | Scout Tower |
| 2:44 | Scout Tower |
| 2:45 | Peasant |
| 2:49 | Guard Tower |
| 2:51 | Guard Tower |
| 3:19 | Peasant |
| 3:21 | Scout Tower |
| 3:21 | Scout Tower |
| 3:25 | Guard Tower |
| 3:26 | Guard Tower |
| 3:27 | Scout Tower |
| 3:28 | Scout Tower |
| 3:53 | Keep |
| 4:05 | Guard Tower |
| 4:14 | Guard Tower |
| 4:23 | Arcane Vault |
| 4:26 | Arcane Vault |
| 4:37 | Arcane Vault |
| 4:46 | Boots of Speed |
| 4:57 | Guard Tower |
| 5:29 | Scout Tower |
| 5:42 | Brilliance Aura |
| 5:56 | Town Hall |
| 6:04 | Scout Tower |
| 6:05 | Scout Tower |
| 6:06 | Scout Tower |
| 6:09 | Scout Tower |
| 6:10 | Scout Tower |
| 6:37 | Farm |
| 6:50 | Castle |
| 6:50 | Arcane Tower |
| 7:12 | Guard Tower |
| 7:15 | Improved Lumber Harvesting |
| 7:33 | Blizzard |
| 7:37 | Blizzard |
| 7:58 | Potion of Healing |
| 7:59 | Guard Tower |
| 8:19 | Guard Tower |
| 8:20 | Scout Tower |
| 8:21 | Scout Tower |
| 8:25 | Peasant |
| 8:29 | Advanced Masonry |
| 8:32 | Arcane Sanctum |
| 8:49 | Storm Bolt |
| 9:16 | Guard Tower |
| 9:18 | Scout Tower |
| 9:18 | Scout Tower |
| 9:26 | Scroll of Regeneration |
| 9:28 | Staff of Sanctuary |
| 9:34 | Scout Tower |
| 9:35 | Scout Tower |
| 9:35 | Scout Tower |
| 9:37 | Scout Tower |
| 9:38 | Scout Tower |
| 9:39 | Scout Tower |
| 9:51 | Magic Sentry |
| 9:52 | Imbued Masonry |
| 10:37 | Holy Light |
| 10:43 | Guard Tower |
| 10:44 | Scout Tower |
| 11:09 | Priest Adept Training |
| 11:09 | Priest |
| 11:14 | Arcane Tower |
| 11:16 | Scout Tower |
| 11:18 | Scout Tower |
| 11:18 | Scout Tower |
| 11:19 | Scout Tower |
| 11:23 | Boots of Speed |
| 11:23 | Potion of Invisibility |
| 11:42 | Bash |
| 12:21 | Guard Tower |
| 12:23 | Scout Tower |
| 12:24 | Scout Tower |
| 12:24 | Scout Tower |
| 12:28 | Staff of Teleportation |
| 12:30 | Boots of Speed |
| 12:30 | Circlet of Nobility |
| 12:47 | Priest |
| 12:50 | Guard Tower |
| 12:59 | Guard Tower |
| 13:02 | Scout Tower |
| 13:02 | Scout Tower |
| 13:03 | Scout Tower |
| 13:04 | Scout Tower |
| 13:05 | Scout Tower |
| 13:05 | Scout Tower |
| 13:29 | Arcane Tower |
| 13:33 | Arcane Tower |
| 13:33 | Guard Tower |
| 13:55 | Brilliance Aura |
| 13:59 | Guard Tower |
| 14:00 | Scout Tower |
| 14:01 | Scout Tower |
| 14:02 | Scout Tower |
| 14:02 | Scout Tower |
| 14:03 | Scout Tower |
| 14:04 | Scout Tower |
| 14:31 | Divine Shield |
| Right click | 993 |
| Assign group | 503 |
| Select group | 436 |
| Build/train/purchase | 190 |
| Select | 186 |
| Use ability | 59 |
| Misc. action | 13 |
| Item give/drop | 6 |



| Scroll of Regeneration | 3 | 300 |
| Potion of Healing | 4 | 600 |
| Lesser Clarity Potion | 2 | 140 |
| Staff of Sanctuary | 2 | 500 |
| Orb of Fire | 2 | 650 |
| Boots of Speed | 3 | 750 |
| Staff of Teleportation | 2 | 300 |
| Periapt of Vitality | 2 | 650 |
| Circlet of Nobility | 1 | 175 |
| total: | 21 | 4065g |
| Peasant | 15 | 1125 | / | 0 |
| Priest | 1 | 135 | / | 10 |
| Sorceress | 1 | 155 | / | 20 |
| total: | 17 | 1415g | / | 30w |
| Scout Tower | 34 | 1020 | / | 680 |
| Arcane Tower | 3 | 210 | / | 150 |
| Guard Tower | 18 | 1260 | / | 900 |
| Altar of Kings | 1 | 180 | / | 50 |
| Farm | 4 | 320 | / | 80 |
| Lumber Mill | 1 | 120 | / | 0 |
| Arcane Vault | 1 | 130 | / | 30 |
| Town Hall | 1 | 385 | / | 205 |
| Blacksmith | 1 | 140 | / | 60 |
| Barracks | 1 | 160 | / | 60 |
| Arcane Sanctum | 1 | 150 | / | 140 |
| Gryphon Aviary | 1 | 140 | / | 150 |
| Keep | 1 | 320 | / | 210 |
| Castle | 1 | 360 | / | 210 |
| total: | 46 | 2745g | / | 1455w |
| 0:03 | Peasant |
| 0:04 | Peasant |
| 0:12 | Altar of Kings |
| 0:19 | Farm |
| 0:20 | Peasant |
| 0:31 | Peasant |
| 0:47 | Peasant |
| 1:00 | Lumber Mill |
| 1:02 | Peasant |
| 1:22 | Peasant |
| 1:29 | Scout Tower |
| 1:32 | Peasant |
| 1:35 | Farm |
| 1:45 | Peasant |
| 1:46 | Peasant |
| 1:56 | Arcane Tower |
| 1:57 | Scout Tower |
| 2:03 | Peasant |
| 2:11 | Blizzard |
| 2:24 | Guard Tower |
| 2:26 | Scout Tower |
| 2:29 | Scout Tower |
| 2:30 | Scout Tower |
| 2:37 | Peasant |
| 2:47 | Scout Tower |
| 2:47 | Scout Tower |
| 2:53 | Peasant |
| 2:54 | Peasant |
| 3:38 | Guard Tower |
| 3:40 | Scout Tower |
| 3:41 | Scout Tower |
| 3:42 | Scout Tower |
| 3:42 | Scout Tower |
| 4:09 | Guard Tower |
| 4:20 | Keep |
| 4:44 | Scout Tower |
| 4:45 | Scout Tower |
| 4:46 | Brilliance Aura |
| 4:51 | Arcane Vault |
| 5:14 | Guard Tower |
| 5:18 | Improved Masonry |
| 5:41 | Boots of Speed |
| 5:41 | Staff of Teleportation |
| 5:46 | Scout Tower |
| 5:47 | Scout Tower |
| 5:47 | Scout Tower |
| 5:51 | Town Hall |
| 5:58 | Scroll of Regeneration |
| 6:29 | Scout Tower |
| 6:29 | Guard Tower |
| 6:29 | Guard Tower |
| 6:31 | Farm |
| 6:32 | Farm |
| 7:12 | Guard Tower |
| 7:14 | Scout Tower |
| 7:15 | Scout Tower |
| 7:18 | Scout Tower |
| 7:19 | Scout Tower |
| 7:19 | Scout Tower |
| 7:20 | Scout Tower |
| 7:56 | Scroll of Regeneration |
| 8:02 | Arcane Sanctum |
| 8:13 | Guard Tower |
| 8:14 | Guard Tower |
| 8:51 | Blizzard |
| 8:53 | Guard Tower |
| 9:00 | Potion of Healing |
| 9:02 | Potion of Healing |
| 9:15 | Magic Sentry |
| 9:16 | Priest |
| 9:17 | Castle |
| 9:18 | Guard Tower |
| 9:20 | Scout Tower |
| 9:21 | Scout Tower |
| 9:25 | Scout Tower |
| 9:25 | Scout Tower |
| 9:26 | Scout Tower |
| 9:27 | Scout Tower |
| 9:29 | Storm Bolt |
| 9:41 | Peasant |
| 10:37 | Scout Tower |
| 10:45 | Potion of Healing |
| 10:47 | Lesser Clarity Potion |
| 10:47 | Lesser Clarity Potion |
| 10:50 | Guard Tower |
| 10:53 | Scroll of Regeneration |
| 11:10 | Guard Tower |
| 11:13 | Arcane Tower |
| 11:13 | Arcane Tower |
| 11:14 | Guard Tower |
| 11:16 | Advanced Masonry |
| 11:20 | Potion of Healing |
| 12:06 | Staff of Sanctuary |
| 12:06 | Orb of Fire |
| 12:22 | Guard Tower |
| 12:26 | Gryphon Aviary |
| 12:27 | Blacksmith |
| 12:28 | Barracks |
| 12:37 | Boots of Speed |
| 12:39 | Periapt of Vitality |
| 12:55 | Imbued Masonry |
| 12:56 | Priest Adept Training |
| 12:56 | Sorceress |
| 12:57 | Sorceress Adept Training |
| 13:21 | Scout Tower |
| 13:22 | Scout Tower |
| 13:22 | Scout Tower |
| 13:23 | Scout Tower |
| 13:38 | Bash |
| 14:25 | Brilliance Aura |
| 14:29 | Holy Light |
| 14:42 | Orb of Fire |
| 14:42 | Staff of Sanctuary |
| 15:16 | Staff of Teleportation |
| 15:16 | Boots of Speed |
| 15:17 | Periapt of Vitality |
| 15:18 | Circlet of Nobility |
| Right click | 1600 |
| Select | 449 |
| Build/train/purchase | 274 |
| Select group | 217 |
| Use ability | 46 |
| Chat | 28 |
| Assign group | 12 |
| Item give/drop | 7 |
| Minimap ping | 6 |
| Misc. action | 2 |



| Orb of Corruption | 1 | 375 |
| Staff of Teleportation | 2 | 300 |
| Boots of Speed | 2 | 500 |
| Circlet of Nobility | 1 | 175 |
| Periapt of Vitality | 1 | 325 |
| Scroll of Regeneration | 2 | 200 |
| total: | 9 | 1875g |
| Acolyte | 7 | 525 | / | 0 |
| Ghoul | 7 | 840 | / | 0 |
| Obsidian Statue | 3 | 600 | / | 105 |
| total: | 17 | 1965g | / | 105w |
| Nerubian Tower | 3 | 300 | / | 60 |
| Crypt | 1 | 200 | / | 50 |
| Altar of Darkness | 1 | 180 | / | 50 |
| Ziggurat | 4 | 600 | / | 200 |
| Graveyard | 2 | 430 | / | 0 |
| Necropolis | 1 | 225 | / | 0 |
| Tomb of Relics | 2 | 260 | / | 60 |
| Slaughterhouse | 1 | 140 | / | 135 |
| Halls of the Dead | 1 | 320 | / | 210 |
| Black Citadel | 1 | 325 | / | 230 |
| total: | 12 | 2035g | / | 495w |
| 0:03 | Acolyte |
| 0:09 | Acolyte |
| 0:13 | Crypt |
| 0:16 | Altar of Darkness |
| 0:33 | Ziggurat |
| 0:57 | Graveyard |
| 1:02 | Graveyard |
| 1:19 | Ghoul |
| 1:19 | Ghoul |
| 1:31 | Ghoul |
| 1:31 | Ghoul |
| 1:44 | Ghoul |
| 1:53 | Nerubian Tower |
| 2:26 | Necropolis |
| 2:34 | Death Coil |
| 2:44 | Ghoul |
| 4:06 | Acolyte |
| 4:07 | Halls of the Dead |
| 4:08 | Ghoul |
| 4:34 | Staff of Teleportation |
| 4:34 | Boots of Speed |
| 4:35 | Circlet of Nobility |
| 4:39 | Tomb of Relics |
| 4:54 | Ziggurat |
| 5:15 | Ziggurat |
| 5:54 | Scroll of Regeneration |
| 6:19 | Unholy Aura |
| 6:30 | Black Citadel |
| 6:51 | Acolyte |
| 6:59 | Acolyte |
| 7:09 | Acolyte |
| 7:14 | Acolyte |
| 7:23 | Nerubian Tower |
| 7:46 | Frost Nova |
| 7:59 | Slaughterhouse |
| 8:12 | Ziggurat |
| 8:14 | Tomb of Relics |
| 8:28 | Scroll of Regeneration |
| 8:33 | Nerubian Tower |
| 8:56 | Orb of Corruption |
| 9:22 | Death Coil |
| 9:45 | Staff of Teleportation |
| 9:45 | Boots of Speed |
| 9:46 | Periapt of Vitality |
| 9:59 | Obsidian Statue |
| 10:00 | Obsidian Statue |
| 10:00 | Destroyer Form |
| 10:59 | Frost Armor |
| 11:03 | Carrion Swarm |
| 11:17 | Obsidian Statue |
| 12:26 | Creature Attack |
| 12:26 | Creature Carapace |
| 14:29 | Sleep |
| 14:50 | Unholy Aura |
| 15:14 | Frost Nova |
| Right click | 1162 |
| Select group | 592 |
| Build/train/purchase | 165 |
| Select | 132 |
| Use ability | 68 |
| Resource trade | 55 |
| Misc. action | 37 |
| Assign group | 13 |
| Item give/drop | 10 |
| Minimap ping | 7 |
102 units @ 12k
/ 1.7k
40 buildings @ 6.3k
/ 2.2k


| Scroll of Regeneration | 2 | 200 |
| Potion of Healing | 1 | 150 |
| total: | 3 | 350g |
| Peasant | 11 | 825 | / | 0 |
| Rifleman | 9 | 1845 | / | 270 |
| Mortar Team | 5 | 900 | / | 350 |
| total: | 25 | 3570g | / | 620w |
| Scout Tower | 1 | 30 | / | 20 |
| Arcane Tower | 1 | 70 | / | 50 |
| Altar of Kings | 1 | 180 | / | 50 |
| Farm | 8 | 640 | / | 160 |
| Blacksmith | 1 | 140 | / | 60 |
| Barracks | 1 | 160 | / | 60 |
| Arcane Vault | 1 | 130 | / | 30 |
| Lumber Mill | 1 | 120 | / | 0 |
| Town Hall | 1 | 385 | / | 205 |
| Workshop | 1 | 140 | / | 140 |
| Keep | 1 | 320 | / | 210 |
| Castle | 1 | 360 | / | 210 |
| total: | 16 | 1925g | / | 725w |
| 0:03 | Peasant |
| 0:03 | Peasant |
| 0:03 | Peasant |
| 0:24 | Peasant |
| 0:40 | Peasant |
| 0:54 | Altar of Kings |
| 0:56 | Farm |
| 0:59 | Blacksmith |
| 1:02 | Barracks |
| 1:06 | Peasant |
| 1:23 | Peasant |
| 1:36 | Peasant |
| 1:38 | Farm |
| 1:48 | Scout Tower |
| 2:05 | Farm |
| 2:16 | Rifleman |
| 2:20 | Arcane Tower |
| 2:31 | Rifleman |
| 2:53 | Holy Light |
| 2:56 | Rifleman |
| 3:07 | Farm |
| 3:16 | Arcane Vault |
| 3:37 | Rifleman |
| 4:08 | Keep |
| 4:27 | Rifleman |
| 4:43 | Lumber Mill |
| 4:53 | Black Gunpowder |
| 4:54 | Studded Leather Armor |
| 5:00 | Devotion Aura |
| 5:16 | Rifleman |
| 5:39 | Rifleman |
| 5:46 | Farm |
| 5:48 | Farm |
| 6:35 | Workshop |
| 7:09 | Long Rifles |
| 7:09 | Rifleman |
| 7:14 | Holy Light |
| 8:03 | Farm |
| 8:04 | Farm |
| 8:06 | Improved Lumber Harvesting |
| 8:10 | Storm Bolt |
| 8:20 | Refined Gunpowder |
| 8:21 | Reinforced Leather Armor |
| 8:57 | Mortar Team |
| 8:57 | Mortar Team |
| 9:01 | Rifleman |
| 9:30 | Bash |
| 9:37 | Town Hall |
| 9:50 | Scroll of Regeneration |
| 9:53 | Devotion Aura |
| 9:57 | Potion of Healing |
| 11:09 | Mortar Team |
| 11:13 | Castle |
| 12:41 | Peasant |
| 12:41 | Peasant |
| 12:41 | Peasant |
| 12:52 | Scroll of Regeneration |
| 13:19 | Mortar Team |
| 13:20 | Mortar Team |
| Select group | 1265 |
| Right click | 958 |
| Select | 338 |
| Chat | 59 |
| Build/train/purchase | 50 |
| Minimap ping | 35 |
| Use ability | 29 |
| Misc. action | 24 |
| Assign group | 19 |
| Item give/drop | 4 |


| Wisp | 29 | 1740 | / | 0 |
| Archer | 9 | 1170 | / | 90 |
| Dryad | 1 | 145 | / | 60 |
| Druid of the Claw | 5 | 1275 | / | 400 |
| Glaive Thrower | 1 | 210 | / | 65 |
| total: | 45 | 4540g | / | 615w |
| Altar of Elders | 1 | 180 | / | 50 |
| Moon Well | 8 | 1440 | / | 320 |
| Ancient of War | 1 | 150 | / | 60 |
| Hunter's Hall | 1 | 210 | / | 100 |
| Tree of Life | 1 | 340 | / | 185 |
| Ancient of Lore | 2 | 310 | / | 290 |
| Tree of Ages | 1 | 320 | / | 180 |
| Tree of Eternity | 1 | 330 | / | 200 |
| total: | 14 | 2630g | / | 1005w |
| 0:05 | Wisp |
| 0:06 | Wisp |
| 0:12 | Altar of Elders |
| 0:26 | Wisp |
| 0:31 | Moon Well |
| 0:46 | Wisp |
| 0:47 | Wisp |
| 1:12 | Wisp |
| 1:20 | Ancient of War |
| 1:28 | Moon Well |
| 1:33 | Wisp |
| 1:33 | Wisp |
| 2:03 | Wisp |
| 2:22 | Moon Well |
| 2:25 | Archer |
| 2:27 | Force of Nature |
| 2:41 | Tree of Ages |
| 2:56 | Archer |
| 3:22 | Archer |
| 3:23 | Archer |
| 3:38 | Archer |
| 4:30 | Hunter's Hall |
| 5:08 | Tree of Life |
| 5:20 | Tree of Eternity |
| 5:48 | Entangling Roots |
| 5:59 | Ancient of Lore |
| 6:04 | Ancient of Lore |
| 6:31 | Moon Well |
| 6:58 | Archer |
| 6:59 | Archer |
| 7:01 | Improved Bows |
| 7:16 | Trueshot Aura |
| 8:18 | Thorns Aura |
| 8:24 | Wisp |
| 8:25 | Wisp |
| 8:25 | Wisp |
| 8:25 | Wisp |
| 8:27 | Wisp |
| 8:30 | Wisp |
| 8:30 | Wisp |
| 8:30 | Wisp |
| 8:30 | Wisp |
| 8:33 | Abolish Magic |
| 8:34 | Druid of the Claw Adept Training |
| 8:34 | Dryad |
| 9:16 | Druid of the Claw Master Training |
| 9:23 | Wisp |
| 9:23 | Wisp |
| 9:23 | Wisp |
| 10:26 | Searing Arrows |
| 10:43 | Mark of the Claw |
| 10:44 | Druid of the Claw |
| 10:45 | Druid of the Claw |
| 10:48 | Wisp |
| 10:48 | Wisp |
| 10:48 | Wisp |
| 10:48 | Wisp |
| 10:48 | Wisp |
| 10:49 | Wisp |
| 10:49 | Wisp |
| 10:49 | Wisp |
| 10:53 | Marksmanship |
| 10:54 | Archer |
| 10:54 | Archer |
| 10:59 | Moon Well |
| 11:54 | Druid of the Claw |
| 11:58 | Moon Well |
| 12:40 | Druid of the Claw |
| 12:45 | Vorpal Blades |
| 12:46 | Glaive Thrower |
| 12:53 | Moon Well |
| 13:04 | Strength of the Wild |
| 13:04 | Reinforced Hides |
| 13:05 | Ultravision |
| 13:05 | Well Spring |
| 13:11 | Strength of the Moon |
| 13:12 | Moon Armor |
| 13:16 | Druid of the Claw |
| 13:26 | Moon Well |
| Right click | 347 |
| Select | 250 |
| Build/train/purchase | 81 |
| Use ability | 19 |
| Misc. action | 9 |
| Assign group | 1 |
| Minimap ping | 1 |


| Peon | 9 | 675 | / | 0 |
| Troll Headhunter | 17 | 2380 | / | 340 |
| Troll Berserker | 6 | 840 | / | 120 |
| total: | 32 | 3895g | / | 460w |
| Orc Burrow | 4 | 640 | / | 160 |
| Altar of Storms | 1 | 180 | / | 50 |
| Barracks | 3 | 540 | / | 150 |
| War Mill | 1 | 205 | / | 0 |
| Spirit Lodge | 1 | 150 | / | 150 |
| Stronghold | 1 | 315 | / | 190 |
| Fortress | 1 | 325 | / | 190 |
| total: | 10 | 1715g | / | 510w |
| 0:07 | Peon |
| 0:07 | Peon |
| 0:07 | Peon |
| 0:07 | Peon |
| 0:08 | Peon |
| 0:08 | Peon |
| 0:08 | Peon |
| 0:25 | Orc Burrow |
| 0:44 | Altar of Storms |
| 1:02 | Barracks |
| 1:21 | War Mill |
| 1:54 | Orc Burrow |
| 2:23 | Peon |
| 2:23 | Peon |
| 2:36 | Troll Headhunter |
| 2:47 | Barracks |
| 3:01 | Barracks |
| 3:09 | Serpent Ward |
| 3:58 | Troll Headhunter |
| 3:58 | Troll Headhunter |
| 3:59 | Troll Headhunter |
| 3:59 | Troll Headhunter |
| 4:08 | Troll Headhunter |
| 4:08 | Troll Headhunter |
| 4:09 | Troll Headhunter |
| 4:21 | Orc Burrow |
| 4:54 | Stronghold |
| 5:34 | Steel Ranged Weapons |
| 5:35 | Steel Armor |
| 5:53 | Troll Headhunter |
| 6:08 | Orc Burrow |
| 6:27 | Healing Wave |
| 8:05 | Troll Headhunter |
| 8:05 | Troll Headhunter |
| 8:06 | Troll Headhunter |
| 8:07 | Troll Regeneration |
| 8:52 | Spirit Lodge |
| 9:20 | War Stomp |
| 9:35 | Fortress |
| 10:42 | Troll Headhunter |
| 10:42 | Troll Headhunter |
| 11:02 | Troll Headhunter |
| 11:02 | Troll Headhunter |
| 11:02 | Troll Headhunter |
| 12:16 | Berserker Upgrade |
| 13:20 | Serpent Ward |
| 13:59 | Troll Berserker |
| 13:59 | Troll Berserker |
| 13:59 | Troll Berserker |
| 14:00 | Troll Berserker |
| 14:00 | Troll Berserker |
| 14:00 | Troll Berserker |
| Right click | 179 |
| Select | 134 |
| Select group | 133 |
| Build/train/purchase | 50 |
| Assign group | 23 |
| Use ability | 12 |
| Misc. action | 4 |
| Esc | 2 |
| Minimap ping | 1 |
⇛